 Dungeon Crawl Stone Soup version 0.28.0 (webtiles) character file.

Game seed: 10776228155119401211

154011 belegose the Fighter (level 17, -7/154 HPs)
             Began as a Black Draconian Berserker on Feb 5, 2022.
             Was a High Priest of Trog.
             Blown up by an orb spider (42 damage)
             ... with an orb of destruction
             ... on level 1 of the Spider Nest on Feb 6, 2022.
             The game lasted 02:37:11 (45038 turns).

belegose the Fighter (Black Draconian Berserker)   Turns: 45038, Time: 02:37:12

Health: -7/154     AC: 17    Str: 27    XL:     17   Next: 5%
Magic:  17/17      EV: 19    Int:  9    God:    Trog [*****.]
Gold:   1310       SH:  0    Dex: 17    Spells: 16/16 levels left

rFire   . . .      SeeInvis .   a - +8 demon blade (elec)
rCold   . . .      Faith    .   (no shield)
rNeg    . . .      Spirit   .   (armour unavailable)
rPois   .          Reflect  .   (helmet restricted)
rElec   +          Harm     .   M - scarf {repulsion}
rCorr   .          Rampage  .   l - +0 pair of gloves of Hirenuson {Will+ Str+7}
Will    +++..                   T - +2 pair of boots {Stlth+}
Stlth   ++++++....              G - amulet of regeneration
HPRegen 1.15/turn               O - +4 ring of protection
MPRegen 0.15/turn               I - ring of willpower

@: flying, repel missiles
A: breathe lightning, AC +9, unfitting armour, big wings, electricity
resistance, cold-blooded
a: Breathe Lightning, Renounce Religion, Berserk, Trog's Hand, Brothers in Arms


You were on level 1 of the Spider Nest.
You worshipped Trog.
Trog was extremely pleased with you.
You visited 6 branches of the dungeon, and saw 28 of its levels.
You also visited: Volcano.

You collected 3032 gold pieces.
You spent 1722 gold pieces at shops.

Inventory:

Hand Weapons
 a - a +8 demon blade of electrocution (weapon)
 b - a +3 fustibalus of flaming
 g - a +2 great sword of flaming
 o - a +0 rapier of venom
 w - the +5 falchion "Zasif" {vorpal, +Blink rElec rC+ Will-}
   (Trog gifted it to you on level 6 of the Lair of Beasts)

   It inflicts extra damage upon your enemies.
   rC:        It protects you from cold.
   rElec:     It insulates you from electricity.
   +Blink:    It lets you blink.
   Will:      It decreases your willpower.
Missiles
 f - 41 poisoned darts (quivered)
 s - 2 boomerangs
 z - 8 javelins
 K - 9 curare-tipped darts
 Y - 846 stones
Armour
 l - the +0 pair of gloves of Hirenuson (worn) {Will+ Str+7}
   (You bought it in a shop on level 2 of the Orcish Mines)

   Str:       It affects your strength (+7).
   Will:      It increases your willpower.
 q - a +0 buckler
 M - a scarf of repulsion (worn)
 T - a +2 pair of boots of stealth (worn)
Jewellery
 m - a ring of resist corrosion
 A - a ring of poison resistance
 G - an amulet of regeneration (around neck)
 I - a ring of willpower (right hand)
 N - a ring of fire
 O - a +4 ring of protection (left hand)
 S - a ring of protection from cold
 X - a ring of protection from cold
Wands
 e - a wand of paralysis (15)
 n - a wand of charming (5)
 t - a wand of mindburst (11)
 C - a wand of digging (21)
 F - a wand of acid (14)
 H - a wand of flame (105)
 Q - a wand of iceblast (11)
Scrolls
 d - 14 scrolls of teleportation
 j - 2 scrolls of fog
 v - a scroll of holy word
 y - 2 scrolls of brand weapon
 B - 4 scrolls of fear
 E - 2 scrolls of silence
 L - 5 scrolls of magic mapping
Potions
 c - 5 potions of berserk rage
 i - 5 potions of might
 k - 2 potions of ambrosia
 p - 3 potions of invisibility
 r - 7 potions of haste
 u - 5 potions of curing
 x - 2 potions of magic
 J - 5 potions of lignification
 R - 4 potions of cancellation
 U - 3 potions of heal wounds
 Z - 3 potions of mutation
Miscellaneous
 h - a phial of floods
 V - a condenser vane


   Skills:
 + Level 14.6 Fighting
 - Level 1.1(7.7) Short Blades
 + Level 12.0(12.1) Long Blades
 - Level 6.3 Maces & Flails
 - Level 8.0(10.0) Slings
 - Level 9.1(10.4) Throwing
 + Level 12.5 Dodging
 - Level 13.0 Stealth
 + Level 12.9 Evocations


You had 16 spell levels left.
You didn't know any spells.
Your spell library was empty.

Dungeon Overview and Level Annotations

Branches:
Dungeon (15/15)            Temple (1/1) D:5            Lair (6/6) D:10
  Swamp (3/4) Lair:3       Spider (1/4) Lair:4        Slime (0/5) Lair:5
    Orc (2/2) D:10            Elf (0/3) Orc:2        Depths (0/4) D:15
Volcano (visited)
 Vaults: D:13-14

Altars:
Dithmenos
Elyvilon
Kikubaaqudgha
Makhleb
Nemelex Xobeh
Okawaru
Qazlal
Uskayaw
Wu Jian
Beogh

Shops:
D:4 =   D:14 !   D:15 *   Orc:2 :*[(

Portals:
Trove: D:12 (give 6 scrolls of fear)

Annotations:
D:14 exclusions: orc knight, vault guard and 2 yaktaurs
Lair:5 2 transporters, exclusion: downstairs, Ribudoz's ghost, journeyman GnFi
Swamp:2 exclusion: downstairs
Swamp:3 Roxanne


Innate Abilities, Weirdness & Mutations

You can breathe wild blasts of lightning.
Your glossy black scales are hard. (AC +9)
You cannot fit into any form of body armour.
Your large and strong wings let you fly.
You are resistant to electric shocks. (rElec)
You are cold-blooded and may be slowed by cold attacks.


Message History

You feel sick. The culicivora barely misses you.
The jumping spider leaps!
You slice the culicivora!!
Your tail-slap misses the culicivora.
The culicivora is heavily wounded.
You feel sick. The culicivora completely misses you.
You closely miss the culicivora.
The culicivora is heavily wounded.
You feel sick. The culicivora misses you.
You completely miss the culicivora.
Your tail-slap misses the culicivora.
The culicivora is heavily wounded.
You feel sick. The culicivora bites you!
* * * LOW HITPOINT WARNING * * *
The culicivora draws strength from your injuries!
The jumping spider leaps!
Aiming: Iceblast
Press: ? - help, Shift-Dir - straight line The mass of ice explodes!
The iceblast engulfs the jumping spider!!
You kill the jumping spider!
Trog accepts your kill.
The iceblast engulfs the culicivora!
The culicivora is severely wounded.
You feel sick. The culicivora closely misses you. The culicivora misses you.
Unknown command.
You barely miss the culicivora. You tail-slap the culicivora.
The culicivora is severely wounded.
The culicivora closely misses you.
Aiming: Corrosive Bolt
Press: ? - help, Shift-Dir - straight line, f - orb spider
Aim: an orb spider (fully charged, 76% to hit)
The bolt of acid hits the culicivora!
The acid corrodes the culicivora!
You kill the culicivora!
Trog accepts your kill.
The bolt of acid misses the orb spider.
You feel sick.
The orb spider weaves a glowing orb of energy.
An orb of destruction comes into view.
You feel sick.
You are no longer poisoned.
You see here a jumping spider corpse.
The orb of destruction hits you!!!
You die...

####.##....#....................#
...................##.......##..#
................##.##....#...#...
.##....####^.##.##....##.##......
.##.##.# #..##.^.....##.........
....##.# ##.......[.......s.s....
....^..###...............ss......
.................^s.##...#.......
................@......(.#..^..##
........##...##†.○°......#..#..#
........######...†......########
.#.....######..............#
###......#..##.....##......#
#.......#)..##.....##....<#
##...................#######
.##.^......................##
.#####......................#


You could see an orb spider.

Vanquished Creatures
  Jorgrun (Swamp:3)
  A tentacled monstrosity (Swamp:2)
  A thorn hunter (Swamp:2)
  A fenstrider witch (Swamp:2)
  An orc warlord (Orc:2)
  An emperor scorpion (Lair:4)
  5 eleionomae
  A stone giant (D:15)
  3 bunyips
  5 fire dragons
  Snorg (D:14)
  5 boulder beetles
  Fannar (D:12)
  13 hydras
  An ogre mage (D:15)
  A spriggan air mage (Swamp:2)
  A death knight (D:15)
  A radroach (Spider:1)
  10 two-headed ogres
  3 centaur warriors (D:14)
  10 alligators
  2 tengu warriors (D:15)
  14 spriggans
  4 skeletal warriors (D:15)
  3 pharaoh ants (Spider:1)
  6 goliath frogs
  A steelbarb worm (Lair:4)
  A swamp dragon (Lair:3)
  5 bog bodies
  6 lindwurms (Swamp:2)
  An orb spider (Spider:1)
  A harpy (D:13)
  5 spriggan druids
  A wizard (D:14)
  3 orc knights
  15 ugly things
  3 deep elf pyromancers (D:13)
  2 oklob plants
  3 orc sorcerers (Orc:2)
  A will-o-the-wisp (Swamp:2)
  A cyclops (D:11)
  3 salamanders (Volcano)
  2 manticores (D:12)
  2 wolf spiders (Spider:1)
  9 elephants
  3 black mambas
  2 torpor snails (Spider:1)
  23 cane toads
  3 rime drakes
  A demonic crawler (Spider:1)
  2 unseen horrors
  A freezing wraith (D:14)
  4 kobold demonologists
  4 yaktaurs (D:15)
  A troll (shapeshifter) (D:15)
  16 komodo dragons
  8 trolls
  3 bloated husks
  6 meliai
  8 tyrant leeches
  15 hornets
  13 slime creatures
  9 tarantellas
  15 blink frogs
  17 dream sheep
  8 jumping spiders (Spider:1)
  6 culicivoras (Spider:1)
  Sigmund (D:5)
  34 yaks
  3 shadows
  A basilisk (shapeshifter) (D:15)
  A hog (shapeshifter) (D:14)
  2 vampires (D:11)
  12 wyverns
  5 basilisks
  5 fire bats (Volcano)
  16 vampire mosquitoes
  5 steam dragons
  4 wraiths
  12 redbacks
  Menkaure (D:5)
  10 swamp worms
  2 wargs (Orc:2)
  4 acid dragons
  17 water moccasins
  3 swamp drakes
  A sky beast (D:6)
  5 black bears
  2 necrophages
  30 orc warriors
  13 ogres
  14 centaurs
  10 wolves
  A phantom (D:4)
  3 kobold brigands
  A gnoll sergeant (D:7)
  28 bullfrogs
  3 scorpions
  7 killer bees
  8 electric eels
  4 howler monkeys
  3 gnoll shamans
  2 bullfrog skeletons (D:6)
  A hound (D:6)
  3 jellies
  A centaur zombie (D:9)
  12 orc priests
  5 iguanas
  20 orc wizards
  A killer bee zombie (D:8)
  A hound zombie (D:5)
  Robin (D:2)
  2 howler monkey zombies
  22 gnolls
  A howler monkey skeleton (D:6)
  9 adders
  A shadow imp (D:6)
  4 white imps
  An ufetubus (D:7)
  2 worms
  A dart slug (D:1)
  73 orcs
  8 ball pythons
  3 endoplasms
  10 goblins
  9 hobgoblins
  22 kobolds
  3 quokkas
  5 bats
  5 frilled lizards
  5 rats
  A bush (Lair:4)
834 creatures vanquished.

Vanquished Creatures (collateral kills)
  Louise (Spider:1)
  A shambling mangrove (Swamp:2)
  An alligator (Swamp:2)
  A two-headed ogre (Volcano)
  A spriggan berserker (Swamp:2)
  A spriggan druid (Swamp:2)
  A swamp dragon (Swamp:2)
  A tyrant leech (Swamp:2)
  3 hornets (Swamp:2)
  2 spriggans (Swamp:2)
  A swamp worm (Swamp:2)
14 creatures vanquished.

Vanquished Creatures (others)
  2 alligators
  2 bloated husks (Swamp:2)
  A foxfire (Swamp:2)
  32 fungi
  238 plants
275 creatures vanquished.

Grand Total: 1123 creatures vanquished

Notes
Turn   | Place    | Note
-------+----------+-------------------------------------------
     0 | D:1      | belegose the Draconian Berserker began the quest for the
                  | Orb.
     0 | D:1      | Reached XP level 1. HP: 19/19 MP: 1/1
   216 | D:1      | Reached XP level 2. HP: 24/26 MP: 2/2
   694 | D:2      | Reached skill level 1 in Stealth
   694 | D:2      | Noticed Robin
   919 | D:2      | Noticed a necrophage
   928 | D:2      | Killed a necrophage
   929 | D:2      | Reached skill level 4 in Fighting
   929 | D:2      | Reached XP level 3. HP: 33/33 MP: 3/3
   929 | D:2      | Reached XP level 4. HP: 40/40 MP: 4/4
  1086 | D:2      | Reached ** piety under Trog
  1286 | D:2      | Killed Robin
  1287 | D:2      | Reached XP level 5. HP: 42/46 MP: 5/5
  2163 | D:3      | Found an ancient bone altar of Kikubaaqudgha.
  3903 | D:3      | Reached XP level 6. HP: 37/53 MP: 6/6
  4256 | D:4      | Found Fexteem's Jewellery Shoppe.
  4331 | D:4      | Noticed an acid dragon
  5099 | D:4      | Reached skill level 1 in Evocations
  5228 | D:4      | Reached skill level 5 in Fighting
  5341 | D:5      | Entered Level 5 of the Dungeon
  5348 | D:5      | Your scales start taking on a glossy black colour.
  5348 | D:5      | Reached XP level 7. HP: 60/61 MP: 7/7
  5348 | D:5      | Gained mutation: You are resistant to electric shocks.
                  | (rElec) [Black Draconian growth]
  5798 | D:5      | Found a staircase to the Ecumenical Temple.
  5809 | Temple   | Entered the Ecumenical Temple
  6031 | D:5      | Reached skill level 5 in Long Blades
  6205 | D:5      | Noticed Menkaure
  6210 | D:5      | Killed Menkaure
  6374 | D:5      | Noticed Sigmund
  6381 | D:5      | Killed Sigmund
  6382 | D:5      | Reached XP level 8. HP: 66/70 MP: 8/8
  6769 | D:6      | Reached skill level 6 in Fighting
  6769 | D:6      | Reached skill level 5 in Dodging
  7122 | D:6      | Found a shadowy altar of Dithmenos.
  7666 | D:6      | Reached skill level 5 in Stealth
  7862 | D:6      | Reached *** piety under Trog
  8253 | D:6      | Noticed a troll
  8265 | D:6      | Killed a troll
  8266 | D:6      | Reached skill level 1 in Maces & Flails
  8266 | D:6      | Reached XP level 9. HP: 25/78 MP: 3/9
  8995 | D:6      | Reached skill level 7 in Fighting
 10019 | D:7      | Reached skill level 1 in Short Blades
 10787 | D:8      | Noticed a two-headed ogre
 10802 | D:8      | Killed a two-headed ogre
 10803 | D:8      | Reached skill level 5 in Evocations
 11626 | D:8      | Reached **** piety under Trog
 11755 | D:9      | Reached skill level 8 in Fighting
 11755 | D:9      | Reached XP level 10. HP: 66/88 MP: 6/10
 13617 | D:10     | Entered Level 10 of the Dungeon
 13700 | D:10     | Found a staircase to the Lair.
 13951 | D:9      | Reached skill level 9 in Fighting
 14097 | D:9      | Reached skill level 5 in Maces & Flails
 14216 | D:10     | Found a staircase to the Orcish Mines.
 14422 | D:10     | Reached XP level 11. HP: 97/97 MP: 11/11
 15482 | Lair:1   | Entered Level 1 of the Lair of Beasts
 16200 | Lair:1   | Reached skill level 10 in Fighting
 16505 | Lair:1   | Noticed a seven-headed hydra
 16508 | Lair:1   | Killed a seven-headed hydra
 16804 | Lair:2   | Identified the +7 flail "Qoaneqy" {speed, +Blink rPois
                  | Str-5 Dex+3}
 17031 | Lair:2   | Noticed a four-headed hydra
 17034 | Lair:2   | Killed a four-headed hydra
 17035 | Lair:2   | Reached XP level 12. HP: 107/107 MP: 12/12
 17090 | Lair:2   | Reached ***** piety under Trog
 17465 | Lair:2   | Noticed a six-headed hydra
 17648 | Lair:1   | Killed a six-headed hydra
 17816 | Lair:2   | Identified the +8 trident "Nuto" {pain, Str+2 Dex+2 SInv}
 17850 | Lair:2   | Identified the +1 leather armour "Raosk" {rElec rC++ Regen+
                  | Str-2}
 18311 | Lair:3   | Found a dark tunnel.
 18316 | Volcano  | Entered a volcano
 18409 | Volcano  | Noticed a two-headed ogre
 18427 | Volcano  | Killed a two-headed ogre
 18428 | Volcano  | Reached skill level 1 in Throwing
 18628 | Volcano  | Noticed a two-headed ogre
 18662 | Volcano  | Killed a two-headed ogre
 18751 | Volcano  | Reached skill level 11 in Fighting
 18784 | Volcano  | Noticed a two-headed ogre
 18799 | Volcano  | Killed a two-headed ogre
 18854 | Volcano  | Noticed a two-headed ogre
 18901 | Volcano  | Killed a two-headed ogre
 19287 | Volcano  | Reached skill level 5 in Throwing
 19739 | Volcano  | Noticed a fire dragon
 19755 | Volcano  | Killed a fire dragon
 20089 | Lair:3   | Found a staircase to the Swamp.
 20384 | Lair:3   | Reached XP level 13. HP: 111/116 MP: 10/13
 21224 | Lair:4   | Found a hole to the Spider Nest.
 22455 | Lair:5   | Found a transporter.
 22674 | Lair:5   | Noticed Ribudoz's ghost (journeyman GnFi)
 22699 | Lair:5   | Identified the +2 ring mail of Optimism {Fly rC+}
 22723 | Lair:5   | Found a transporter.
 23127 | Lair:5   | Found a staircase to the Slime Pits.
 23478 | Orc:1    | Entered Level 1 of the Orcish Mines
 24054 | Orc:2    | Entered Level 2 of the Orcish Mines
 24368 | Orc:2    | Found a staircase to the Elven Halls.
 24477 | Orc:2    | Reached skill level 10 in Stealth
 25009 | Orc:2    | Found Nibom's Book Boutique.
 25764 | Orc:2    | Reached skill level 1 in Slings
 25936 | Orc:2    | Found Fijid's General Store.
 25944 | Orc:2    | Bought a scroll of identify for 26 gold pieces
 25945 | Orc:2    | Bought a potion of ambrosia for 104 gold pieces
 25945 | Orc:2    | Bought a scroll of immolation for 45 gold pieces
 26799 | Orc:2    | Noticed an orc warlord
 26942 | Orc:2    | Killed an orc warlord
 27170 | Orc:2    | Found Zoux's Antique Weapon Boutique.
 27181 | Orc:2    | Found Coargh's Antique Armour Shop.
 27197 | Orc:2    | Bought a pair of faintly humming gloves for 285 gold pieces
 27197 | Orc:2    | Identified the +0 pair of gloves of Hirenuson {Will+ Str+7}
                  | (You bought it in a shop on level 2 of the Orcish Mines)
 27212 | Orc:2    | Bought a pair of glowing boots for 225 gold pieces
 27335 | Orc:2    | Bought a glimmering rapier for 306 gold pieces
 27335 | Orc:2    | Identified the +5 rapier of Peace {freeze, rElec rN+ Dex+4}
                  | (You bought it in a shop on level 2 of the Orcish Mines)
 27608 | Lair:6   | Entered Level 6 of the Lair of Beasts
 27849 | Lair:5   | Gained mutation: Your large and strong wings let you fly.
                  | [Black Draconian growth]
 27849 | Lair:5   | Reached XP level 14. HP: 125/125 MP: 11/14
 28056 | Lair:6   | Reached skill level 10 in Dodging
 28313 | Lair:6   | Reached skill level 10 in Evocations
 28496 | Lair:6   | Identified the +5 falchion "Zasif" {vorpal, +Blink rElec
                  | rC+ Will-} (Trog gifted it to you on level 6 of the Lair of
                  | Beasts)
 28496 | Lair:6   | Received a gift from Trog
 28784 | Lair:6   | Reached skill level 12 in Fighting
 32240 | D:4      | Bought an amulet of regeneration for 360 gold pieces
 34314 | D:12     | Noticed Nessos
 34317 | D:12     | Received a gift from Trog
 34318 | D:12     | Noticed Nessos
 34318 | D:12     | Nessos changed into Nessos the komodo dragon
 34329 | D:11     | Killed Nessos the komodo dragon
 34731 | D:12     | Found a portal to a secret trove of treasure.
 34766 | D:12     | Noticed Fannar
 34814 | D:12     | Killed Fannar
 35126 | D:13     | Noticed Sonja
 35127 | D:13     | Noticed Sonja
 35127 | D:13     | Sonja changed into Sonja the harpy
 35132 | D:13     | Killed Sonja the harpy
 35169 | D:13     | You are sucked into a shaft and drop 2 floors!
 35169 | D:15     | Entered Level 15 of the Dungeon
 35204 | D:15     | Reached XP level 15. HP: 117/134 MP: 15/15
 35355 | D:14     | Found Viekhleh's Distillery.
 35597 | D:13     | Reached skill level 5 in Slings
 36231 | D:14     | Bought a potion of mutation for 152 gold pieces
 36231 | D:14     | Bought a potion of heal wounds for 95 gold pieces
 36328 | D:14     | Reached skill level 10 in Long Blades
 36364 | D:14     | Found an ornate altar of the Wu Jian Council.
 36454 | D:14     | Noticed Snorg
 36469 | D:14     | Killed Snorg
 36612 | D:14     | Reached skill level 13 in Fighting
 37095 | D:15     | Reached ****** piety under Trog
 37251 | D:15     | Found Yntuts's Assorted Antiques.
 37267 | D:15     | Bought a scroll of identify for 62 gold pieces
 37267 | D:15     | Bought a scroll of identify for 62 gold pieces
 37825 | D:15     | Received a gift from Trog
 37860 | D:15     | Found a staircase to the Depths.
 38449 | Swamp:1  | Entered Level 1 of the Swamp
 38856 | Swamp:1  | Paralysed by a hornet for 1 turns
 39678 | Swamp:1  | Identified the +1 leather armour of Ceosm {Regen+ Str+4}
 39703 | Swamp:1  | You are sucked into a shaft and drop 1 floor!
 39924 | Swamp:2  | Reached XP level 16. HP: 129/145 MP: 16/16
 39971 | Swamp:2  | Received a gift from Trog
 40045 | Swamp:2  | Identified the +9 plate armour of Integrity {Stlth+}
 40046 | Swamp:2  | Noticed a thorn hunter
 41055 | Swamp:2  | Noticed a tentacled monstrosity
 41059 | Swamp:2  | Killed a tentacled monstrosity
 41060 | Swamp:2  | Reached skill level 14 in Fighting
 41076 | Swamp:2  | Paralysed by a hornet for 1 turns
 41550 | Swamp:2  | Killed a thorn hunter
 42136 | Swamp:3  | Identified Roxanne's Guide on the Mountains
 42136 | Swamp:3  | Noticed Roxanne
 42281 | Swamp:3  | Noticed Jorgrun
 42300 | Swamp:3  | Killed Jorgrun
 42932 | Swamp:3  | Received a gift from Trog
 43608 | Spider:1 | Entered Level 1 of the Spider Nest
 44523 | Spider:1 | Noticed Louise
 44551 | Spider:1 | Killed Louise
 44586 | Spider:1 | Reached XP level 17. HP: 154/154 MP: 17/17
 45038 | Spider:1 | Blown up by an orb spider

Illustrated notes

Levels and vault maps discovered:
D:1:      dpeg_arrival_short_road, layout_basic, grunt_decor_cap
D:2:      layout_loops_corners, uniq_robin
D:3:      layout_basic, marbit_many_paths
D:4:      layout_cave_pods, serial_shops, shop
D:5:      layout_basic, minmay_temple_entry_trees, uniq_menkaure, uniq_sigmund
D:6:      cheibrodos_two_vegetables, layout_basic, kennysheep_diamond,
          kennysheep_flooded_box
D:7:      layout_basic
D:8:      layout_rooms
D:9:      layout_gridville
D:10:     layout_gridville, minmay_lair_entry_grove, orc_0_dummy
D:11:     layout_long_grid, minmay_fractal_squares_5
D:12:     layout_cross, enter_trove_1, grunt_ministairs_9, uniq_nessos,
          uniq_fannar
D:13:     layout_cave_pods, uniq_sonja
D:14:     layout_gridville, grunt_vaults_entry_fortified, serial_shops,
          nicolae_shop_statue_plus, nzn_wu_jian_council_hall, uniq_snorg
D:15:     grunt_enter_depths_snipers, layout_basic,
          minmay_misc_feat_four_crosses, serial_shops, shop,
          grunt_ministairs_13, chequers_serial_rivers_micro_c
Temple:   nicolae_temple_the_god_donut
Lair:1:   layout_chaotic_city, grunt_megastairs_4
Lair:2:   layout_gridlike, beast_lair_carwin_6
Lair:3:   layout_cave_pods, swamp_mist, enter_volcano_4, grunt_megastairs_5,
          serial_bayou_shore_b, infiniplex_staircase_pool, lemuel_fruit_fields
Lair:4:   layout_gridlike, spider_nest_entry_webs, minmay_lair_oklob_bushes,
          beast_lair_carwin_10, lemuel_fruit_tree, serial_bayou_shore_b
Lair:5:   layout_cave_shapes, dpeg_slime_entry_corner,
          gammafunk_ghost_berserking_beasts
Lair:6:   minmay_lair_end_frog_pond, layout_regular_city, grunt_megastairs_2,
          serial_bayou_shore_a
Swamp:1:  layout_basic_swamp, nicolae_swamp_orc_logging_accident
Swamp:2:  nzn_winding_woodlands_three_and_one
          [nzn_winding_woodlands_5x15_zeroes,
          nzn_winding_woodlands_5x15_pathside_ponds,
          nzn_winding_woodlands_5x15_crooked,
          nzn_winding_woodlands_center_lodge], layout_basic_swamp,
          evilmike_swamp_ruin_house_5, hangedman_swamp_double_dragon,
          infiniplex_staircase_pool_2
Swamp:3:  layout_basic_swamp, nicolae_swamp_treefoil, swamp_pool3,
          nicolae_swamp_big_swirl, uniq_jorgrun, uniq_roxanne
Spider:1: layout_spider_delve, hangedman_spider_tarantella_strand, uniq_louise
Orc:1:    layout_caves
Orc:2:    grunt_orc_community_town_hall, layout_diamond_mine,
          grunt_orc_community_big_house_2, grunt_orc_community_big_house_2,
          grunt_orc_community_house_2, grunt_orc_community_house_1,
          grunt_orc_community_house_3, grunt_orc_community_house_3,
          grunt_orc_community_house_3, basic_altar

Skill      XL: |  1  2  3  4  5  6  7  8  9 10 11 12 13 14 15 16 |
---------------+-------------------------------------------------+-----
Stealth        | 1 2 3 4 5 6 7 8 9 10 11 12 13 | 13.0
Dodging        | 3 4 5 6 7 8 9 10 11 12 | 12.5
Fighting       | 4 5 6 8 9 10 11 12 13 14 | 14.6
Long Blades    | 4 5 6 7 8 9 10 12 | 12.0
Evocations     | 1 2 4 5 6 8 9 10 11 12 | 12.9
Maces & Flails | 1 3 5 6 |  6.3
Short Blades   | 1 |  1.1
Throwing       | 6 9 |  9.1
Slings         | 2 4 6 8 |  8.0

Action                   |  1- 3 |  4- 6 |  7- 9 | 10-12 | 13-15 | 16-18 || total
-------------------------+-------+-------+-------+-------+-------+-------++-------
Melee: Falchion          |    59 |   219 |   181 |       |     2 |       ||   461
       Tailslap          |     4 |    22 |    54 |   109 |   222 |    79 ||   490
       Punch             |     2 |     3 |     6 |    14 |    21 |     4 ||    50
       Morningstar       |       |       |   131 |   173 |       |       ||   304
       Short sword       |       |       |     6 |       |       |       ||     6
       Demon blade       |       |       |       |   295 |  1289 |   330 ||  1914
       Flail             |       |       |       |    91 |       |       ||    91
       Great sword       |       |       |       |       |    17 |    24 ||    41
       Rapier            |       |       |       |       |       |    41 ||    41
 Fire: Fustibalus        |       |       |       |       |   120 |    75 ||   195
Throw: Dart              |       |       |    10 |    19 |    89 |    74 ||   192
       Boomerang         |       |       |    13 |     6 |    93 |    29 ||   141
       Javelin           |       |       |       |       |     7 |     9 ||    16
Invok: Berserk           |     1 |     5 |     4 |    14 |     6 |     4 ||    34
       Trog's Hand       |       |       |       |     1 |     3 |     1 ||     5
       Brothers in Arms  |       |       |       |     2 |       |     5 ||     7
 Abil: Breathe Lightning |       |       |     2 |       |       |       ||     2
Evoke: Wand              |       |       |     4 |    11 |    12 |    11 ||    38
       Condenser vane    |       |       |       |       |     1 |       ||     1
       Phial of floods   |       |       |       |       |       |     1 ||     1
  Use: Scroll            |       |       |     4 |     7 |    19 |     3 ||    33
       Potion            |       |       |       |       |       |     2 ||     2
 Stab: Sleeping          |     1 |     6 |    11 |    10 |    34 |     5 ||    67
       Distracted        |       |     1 |     1 |     2 |     3 |     1 ||     8
       Paralysed         |       |       |       |       |       |     2 ||     2
Armor: Skin              |    18 |    52 |   107 |   182 |   401 |   133 ||   893
Dodge: Dodged            |    43 |   143 |   256 |   417 |   962 |   325 ||  2146
       Repelled          |       |       |       |       |     9 |    14 ||    23
